 Dungeon Crawl Stone Soup version 0.31-a0-986-g5e6e4ef867 (webtiles) character file.

Game seed: 11751579546273746403

515 monsoonserge the Cudgeller (level 7, 56/56 HPs)
             Began as a Gnoll Reaver on Nov 23, 2023.
             Was an Initiate of Ru.
             Quit the game on level 4 of the Dungeon.
             The game lasted 00:09:49 (2829 turns).

monsoonserge the Cudgeller (Gnoll Reaver)           Turns: 2829, Time: 00:09:50

Health: 56/56      AC:  7    Str: 11    XL:     7   Next: 20%
Magic:  15/15      EV: 21    Int: 20    God:    Ru [......]
Gold:   238        SH:  0    Dex:  9    Spells: 14/17 levels left

rFire   . . .        p - +8 falchion "Dragon's Tongue" {pain, rC+ rCorr Int+2}
rCold   + . .        (no shield)
rNeg    . . .        j - +0 ring mail
rPois   .            (no helmet)
rElec   .            (no cloak)
rCorr   +            (no gloves)
SInv    .            (no boots)
Will    .....        (no amulet)
Stlth   +            c - +5 ring of evasion
HPRegen 0.29/turn    v - +5 ring of evasion
MPRegen 0.14/turn

%: random rage (3%)
@: no status effects
A: fangs 1, strong nose, distributed training, iridescent scales 1, berserk 1,
clever 1, devolution 1
a: Renounce Religion, Sacrifice Arcana, Sacrifice Drink, Sacrifice Courage,
Reject Sacrifices


You were on level 4 of the Dungeon.
You worshipped Ru.
Ru was noncommittal.
You visited 1 branch of the dungeon, and saw 4 of its levels.

You collected 238 gold pieces.

Inventory:

Hand Weapons
 a - a +0 mace
 p - the +8 falchion "Dragon's Tongue" (weapon) {pain, rC+ rCorr Int+2}
   (You found it on level 2 of the Dungeon)

   Int+2:     It affects your intelligence (+2).
   rC+:       It protects you from cold.
   rCorr:     It protects you from acid and corrosion.
Missiles
 e - 8 poisoned darts (quivered)
 y - 2 throwing nets
 B - 3 boomerangs
Armour
 b - a +0 leather armour
 j - a +0 ring mail (worn)
 z - a +0 helmet
Jewellery
 c - a +5 ring of evasion (left hand)
 v - a +5 ring of evasion (right hand)
Talismans
 t - a beast talisman
Wands
 r - a wand of quicksilver (14)
 x - a wand of polymorph (6)
Scrolls
 g - 2 scrolls of identify {unknown}
 k - a scroll of revelation {unknown}
 l - 2 scrolls of immolation {unknown}
 o - 3 scrolls of blinking {unknown}
 q - a scroll of amnesia {unknown}
 u - a scroll of enchant weapon {unknown}
 w - a scroll of silence {unknown}
 A - a scroll of fog {unknown}
Potions
 d - a potion of might {unknown}
 f - a potion of heal wounds
 h - 2 potions of brilliance {unknown}
 i - a potion of enlightenment {unknown}
 m - a potion of curing {unknown}
 n - a potion of attraction {unknown}


   Skills:
 + Level 5.2 Fighting
 + Level 2.3 Short Blades
 + Level 2.3 Long Blades
 + Level 2.3 Axes
 + Level 7.0 Maces & Flails
 + Level 2.3 Polearms
 + Level 2.3 Staves
 + Level 2.3 Ranged Weapons
 + Level 2.3 Throwing
 + Level 2.3 Armour
 + Level 5.2 Dodging
 + Level 2.3 Stealth
 + Level 2.3 Shields
 + Level 2.3 Unarmed Combat
 + Level 5.5 Spellcasting
 + Level 5.8 Conjurations
 + Level 1.9 Hexes
 + Level 1.9 Summonings
 + Level 1.9 Necromancy
 + Level 1.9 Translocations
 + Level 1.9 Transmutations
 + Level 1.9 Fire Magic
 + Level 1.9 Ice Magic
 + Level 1.9 Air Magic
 + Level 1.9 Earth Magic
 + Level 1.9 Poison Magic
 + Level 2.6 Invocations
 + Level 2.3 Evocations
 + Level 2.1 Shapeshifting


You had 14 spell levels left.
You knew the following spells:

 Your Spells              Type           Power      Damage    Failure   Level
a - Kiss of Death         Conj/Necr      84%        2d11      5%          1
b - Blink                 Tloc           26%        N/A       17%         2

Your spell library contained the following spells:

 Spells                   Type           Power      Damage    Failure   Level
 Momentum Strike          Conj/Tloc      42%        3d9       8%          2
 Hailstorm                Conj/Ice       21%        3d6       16%         3
 Lesser Beckoning         Tloc           26%        N/A       17%         2
 Poisonous Vapours        Pois/Air       26%        N/A       17%         2
 Mephitic Cloud           Conj/Pois/Air  18%        N/A       21%         3
 Summon Guardian Golem    Hex/Summ       13%        N/A       34%         3
 Freezing Cloud           Conj/Ice/Air   9%         6-21      88%         5
 Orb of Destruction       Conj           14%        9d7       100%        7
 Spellforged Servitor     Conj/Summ      10%        N/A       100%        7


Dungeon Overview and Level Annotations

Branches:
Dungeon (4/15)
 Temple: D:4-7

Altars:
Cheibriados
Dithmenos
Ru
Zin


Innate Abilities, Weirdness & Mutations

You have very sharp teeth.
Your uncanny sense of smell can sniff out nearby items.
Your experience applies equally to all skills.
You are partially covered in iridescent scales. (AC +2)
You sometimes lose your temper in combat.
Your mind is acute. (Int +4, Str/Dex -1)
You have hidden genetic defects.


Message History

Items here: ( )) [ ††.
Throw: 8 darts (poison)
Press: ? - help, Q - select action, (/) - cycle Shift-Dir - straight line, f - hound
Aim: a hound (43% to hit)
You can't see any item there.
Okay, then.
Okay, then.
B - 3 boomerangs You slash the hound!
The hound writhes in agony.
Your kick misses the hound.
The hound is severely wounded.
The hound misses you. x2
You hit the hound. Your kick misses the hound. Your headbutt misses the hound.
The hound is almost dead.
The hound closely misses you. The hound bites you.
You barely miss the hound. You kick the hound, but do no damage.
Your punch misses the hound. You bite the hound, but do no damage.
The hound is almost dead.
The hound bites you but does no damage. The hound misses you.
You slash the hound!
You kill the hound!
You feel a genetic drift.
Your regeneration stops near monsters.
You feel extremely strange. The horns on your head shrink away.
You begin to regenerate regardless of the presence of monsters.
Your hooves expand and flesh out into feet!
You feel clever.
You feel resistant to heat.
You feel resistant to cold.
You feel extremely strange.
You no longer feel cold resistant.
You no longer feel a malignance within.
Your body's shape seems more normal.
You feel a hidden malignance growing inside you.
You feel vulnerable to cold.
Iridescent scales grow over part of your body.
Okay, then.
You feel extremely strange.
You no longer feel heat resistant.
You no longer feel vulnerable to cold.
You feel a little pissed off.
Things that are here:
a +1 scythe of flaming; a +0 robe Are you sure you want to abandon this character and quit the game? (Confirm with "yes".)

............ ...........
#.......... #..........
#.......... #..........
#.......... #..@.......
#))........ #.†........ ######
####..........
#....####............. .....@.
#....)..#.......>..... ........
#............)........ ........
#.......#............. .....<..
####....#......................


There were no monsters in sight!

Vanquished Creatures
  Sigmund (D:4)
  2 hounds (D:4)
  An orc priest (D:3)
  Jessica (D:3)
  An orc wizard (D:3)
  Natasha (thrice) (D:3)
  4 gnolls (D:4)
  3 adders (D:3)
  2 worms (D:2)
  A dart slug (D:3)
  5 orcs
  7 ball pythons
  5 bats
  5 endoplasms
  2 giant cockroaches
  5 goblins
  8 hobgoblins
  4 jackals (D:4)
  2 quokkas
  A frilled lizard (D:2)
  7 kobolds
  3 rats
73 creatures vanquished.

Notes
Turn   | Place    | Note
-------+----------+-------------------------------------------
     0 | D:1      | monsoonserge the Gnoll Reaver began the quest for the Orb.
     0 | D:1      | Reached XP level 1. HP: 20/20 MP: 6/6
   165 | D:1      | Reached XP level 2. HP: 26/26 MP: 7/7
   168 | D:1      | Learned a level 2 spell: Blink
   832 | D:2      | Identified the +8 falchion "Dragon's Tongue" {pain, rC+
                  | rCorr Int+2}
  1095 | D:2      | Reached skill level 5 in Spellcasting
  1095 | D:2      | Reached XP level 3. HP: 31/31 MP: 7/9
  1220 | D:3      | Noticed Natasha
  1227 | D:3      | Killed Natasha
  1228 | D:3      | Reached skill level 1 in Short Blades
  1228 | D:3      | Reached skill level 1 in Long Blades
  1228 | D:3      | Reached skill level 1 in Axes
  1228 | D:3      | Reached skill level 1 in Polearms
  1228 | D:3      | Reached skill level 1 in Staves
  1228 | D:3      | Reached skill level 1 in Ranged Weapons
  1228 | D:3      | Reached skill level 1 in Throwing
  1228 | D:3      | Reached skill level 1 in Armour
  1228 | D:3      | Reached skill level 1 in Stealth
  1228 | D:3      | Reached skill level 1 in Shields
  1228 | D:3      | Reached skill level 1 in Unarmed Combat
  1228 | D:3      | Reached skill level 1 in Invocations
  1228 | D:3      | Reached skill level 1 in Evocations
  1278 | D:3      | Noticed Jessica
  1286 | D:3      | Reached XP level 4. HP: 35/38 MP: 11/11
  1289 | D:3      | Reached skill level 1 in Shapeshifting
  1295 | D:3      | Reached skill level 1 in Hexes
  1295 | D:3      | Reached skill level 1 in Summonings
  1295 | D:3      | Reached skill level 1 in Necromancy
  1295 | D:3      | Reached skill level 1 in Translocations
  1295 | D:3      | Reached skill level 1 in Transmutations
  1295 | D:3      | Reached skill level 1 in Fire Magic
  1295 | D:3      | Reached skill level 1 in Ice Magic
  1295 | D:3      | Reached skill level 1 in Air Magic
  1295 | D:3      | Reached skill level 1 in Earth Magic
  1295 | D:3      | Reached skill level 1 in Poison Magic
  1304 | D:3      | Killed Jessica
  1305 | D:3      | Reached XP level 5. HP: 16/43 MP: 12/12
  1461 | D:3      | Noticed Natasha
  1465 | D:3      | Killed Natasha
  1567 | D:3      | Found a snail-covered altar of Cheibriados.
  1667 | D:3      | Found a sacrificial altar of Ru.
  1685 | D:3      | Became a worshipper of Ru the Awakened
  1735 | D:3      | Noticed Natasha
  1740 | D:3      | Killed Natasha
  1757 | D:3      | Reached XP level 6. HP: 50/50 MP: 13/13
  2208 | D:3      | Found a shadowy altar of Dithmenos.
  2366 | D:4      | Found a glowing silver altar of Zin.
  2568 | D:4      | Reached skill level 5 in Fighting
  2568 | D:4      | Reached skill level 5 in Dodging
  2654 | D:4      | Noticed Sigmund
  2809 | D:4      | Gained mutation: You have hidden genetic defects. [potion
                  | of mutation]
  2809 | D:4      | Gained mutation: You have a pair of small horns on your
                  | head. [potion of mutation]
  2809 | D:4      | Gained mutation: Armour fits poorly on your strangely
                  | shaped body. [potion of mutation]
  2809 | D:4      | Gained mutation: You have large cloven feet. [potion of
                  | mutation]
  2815 | D:4      | Killed Sigmund
  2816 | D:4      | Reached skill level 7 in Maces & Flails
  2816 | D:4      | Reached XP level 7. HP: 55/56 MP: 15/15
  2824 | D:4      | Gained mutation: You do not regenerate when monsters are
                  | visible. [hidden defects]
  2825 | D:4      | Lost mutation: You have a pair of small horns on your head.
                  | [potion of mutation]
  2825 | D:4      | Lost mutation: You do not regenerate when monsters are
                  | visible. [potion of mutation]
  2825 | D:4      | Lost mutation: You have large cloven feet. [potion of
                  | mutation]
  2825 | D:4      | Gained mutation: Your mind is acute. (Int +4, Str/Dex -1)
                  | [potion of mutation]
  2825 | D:4      | Gained mutation: Your flesh is heat resistant. (rF+)
                  | [potion of mutation]
  2825 | D:4      | Gained mutation: Your flesh is cold resistant. (rC+)
                  | [potion of mutation]
  2826 | D:4      | Lost mutation: Your flesh is cold resistant. (rC+) [potion
                  | of mutation]
  2826 | D:4      | Lost mutation: You have hidden genetic defects. [potion of
                  | mutation]
  2826 | D:4      | Lost mutation: Armour fits poorly on your strangely shaped
                  | body. [potion of mutation]
  2826 | D:4      | Gained mutation: You have hidden genetic defects. [potion
                  | of mutation]
  2826 | D:4      | Gained mutation: You are vulnerable to cold. (rC-) [potion
                  | of mutation]
  2826 | D:4      | Gained mutation: You are partially covered in iridescent
                  | scales. (AC +2) [potion of mutation]
  2827 | D:4      | Lost mutation: Your flesh is heat resistant. (rF+) [potion
                  | of mutation]
  2827 | D:4      | Lost mutation: You are vulnerable to cold. (rC-) [potion of
                  | mutation]
  2827 | D:4      | Gained mutation: You sometimes lose your temper in combat.
                  | [potion of mutation]
  2829 | D:4      | Quit the game

Illustrated notes

Levels and vault maps discovered:
D:1:      scummos_arrival_simple_fountains, layout_loops_ring
D:2:      layout_loops_ring
D:3:      layout_basic, grunt_dithmenos_smoke,
          nicolae_ru_great_annihilating_truth, mainiacjoe_overflow_brackets,
          uniq_natasha, uniq_jessica
D:4:      layout_basic, nicolae_overflow_hidden_temple, doesnt_xom_only_xom,
          grunt_ministairs_1, uniq_sigmund

Skill      XL: |  1  2  3  4  5  6 |
---------------+-------------------+-----
Spellcasting   | 5 |  5.5
Short Blades   | 1 2 |  2.3
Long Blades    | 1 2 |  2.3
Axes           | 1 2 |  2.3
Polearms       | 1 2 |  2.3
Staves         | 1 2 |  2.3
Ranged Weapons | 1 2 |  2.3
Throwing       | 1 2 |  2.3
Armour         | 1 2 |  2.3
Stealth        | 1 2 |  2.3
Shields        | 1 2 |  2.3
Unarmed Combat | 1 2 |  2.3
Invocations    | 1 2 |  2.6
Evocations     | 1 2 |  2.3
Shapeshifting  | 1 2 |  2.1
Hexes          | 1 |  1.9
Summonings     | 1 |  1.9
Necromancy     | 1 |  1.9
Translocations | 1 |  1.9
Transmutations | 1 |  1.9
Fire Magic     | 1 |  1.9
Ice Magic      | 1 |  1.9
Air Magic      | 1 |  1.9
Earth Magic    | 1 |  1.9
Poison Magic   | 1 |  1.9
Fighting       | 5 |  5.2
Dodging        | 5 |  5.2
Maces & Flails | 7 |  7.0
Conjurations   | |  5.8

Action                     |  1- 3 |  4- 6 |  7- 9 || total
---------------------------+-------+-------+-------++-------
  Melee: Mace              |    37 |       |       ||    37
         Bite              |     7 |     6 |     1 ||    14
         Falchion          |    32 |    98 |     4 ||   134
         Punch             |     1 |     1 |       ||     2
         Kick              |       |     2 |     1 ||     3
         Headbutt          |       |     1 |       ||     1
Ability: Begin Untransform |       |     1 |       ||     1
    Use: Potion            |       |     2 |     3 ||     5
   Stab: Paralysed         |       |     1 |       ||     1
         Sleeping          |       |     1 |       ||     1
 Armour: Leather armour    |     6 |       |       ||     6
         Ring mail         |    17 |    43 |     2 ||    62
  Dodge: Dodged            |    55 |   107 |     4 ||   166
   Form: Beast             |       |     1 |       ||     1

Table legend: (Time is in decaauts)
 A = Elapsed time spent in this place.
 B = Non-inter-level travel time spent in this place.
 C = Inter-level travel time spent in this place.
 D = Time resting spent in this place.
 E = Time spent auto-exploring this place.
 F = Levels seen in this place.
 G = Mean time per level.
                   A        B        C        D        E       F      G
               +--------+--------+--------+--------+--------+-----+--------+
         Total |   2866 |   2768 |     98 |     97 |   1787 |   4 |  716.5 |
       Dungeon |   2866 |   2768 |     98 |     97 |   1787 |   4 |  716.5 |
               +--------+--------+--------+--------+--------+-----+--------+

Top non-repeatable levels by time:
     D:3: 1137 daAuts
     D:2: 698 daAuts
     D:4: 518 daAuts
     D:1: 512 daAuts
